 Dungeon Crawl Stone Soup version 0.21-a0-401-g0b6bec4 (webtiles) character file.

27750 zero the Cleaver (level 13, 0/87 HPs)
             Began as a Gargoyle Berserker on Oct 24, 2017.
             Was an Elder of Trog.
             Shot with an arrow by Nessos (2 damage)
             ... on level 4 of the Lair of Beasts.
             The game lasted 00:16:46 (11849 turns).

zero the Cleaver (Gargoyle Berserker)              Turns: 11849, Time: 00:16:46

Health: 0/87       AC: 27    Str: 27    XL:     13   Next: 34%
Magic:  13/13      EV:  5    Int:  7    God:    Trog [****..]
Gold:   783        SH:  8    Dex:  9    Spells: 12/12 levels left

rFire    + . .     SeeInvis .   p - +1 war axe (freeze)
rCold    . . .     Gourm    .   u - +0 shield
rNeg     + . .     Faith    .   M - +0 plate armour
rPois    ∞         Spirit   .   z - +1 helmet
rElec    +         Reflect  .   (no cloak)
rCorr    +         Harm     .   (no gloves)
MR       ++...                  (no boots)
Stlth    ..........             d - amulet of regeneration
HPRegen  1.64/turn              o - ring of resist corrosion
MPRegen  0.13/turn              C - ring of protection from fire

@: berserk cooldown, regenerating, slowed, very slow
A: negative energy resistance 1, electricity resistance, unbreathing,
petrification resistance, rot immunity, AC +9
a: Berserk, Trog's Hand, Brothers in Arms, Burn Spellbooks, Renounce Religion


You were on level 4 of the Lair of Beasts.
You worshipped Trog.
Trog was greatly pleased with you.
You were near starving.

You visited 2 branches of the dungeon, and saw 13 of its levels.
You also visited: Volcano.

You collected 1063 gold pieces.
You spent 280 gold pieces at shops.

Inventory:

Hand Weapons
 p - a +1 war axe of freezing (weapon)
Armour
 u - a +0 shield (worn)
 z - a +1 helmet (worn)
 M - a +0 plate armour (worn)
Jewellery
 d - an amulet of regeneration (around neck)
 j - an uncursed ring of see invisible
 o - a ring of resist corrosion (left hand)
 C - a ring of protection from fire (right hand)
 D - an uncursed ring of flight {unknown}
Wands
 a - a wand of paralysis (22/24)
 q - a wand of scattershot (4/9)
 x - a wand of disintegration (9/24)
 F - a wand of iceblast (4/15)
 J - a wand of confusion (43/48)
Scrolls
 f - 7 scrolls of teleportation
 g - 3 scrolls of remove curse
 h - a scroll of recharging
 t - a scroll of vulnerability
 w - a scroll of brand weapon
 y - 4 scrolls of blinking
 B - 2 scrolls of enchant armour
 E - 3 scrolls of fear
 H - a scroll of enchant weapon
 K - a scroll of identify
Potions
 b - 7 potions of curing
 e - 2 potions of might
 i - 4 potions of agility
 k - a potion of cancellation
 m - a potion of flight {unknown}
 n - a potion of lignification {unknown}
 r - 3 potions of haste
 s - 3 potions of berserk rage
 v - 2 potions of heal wounds {unknown}
 G - a potion of mutation {unknown}
 I - a potion of resistance {unknown}
 L - a potion of invisibility {unknown}
 N - a potion of ambrosia {unknown}
Comestibles
 c - 8 bread rations
 l - 11 royal jellies
 A - 5 meat rations


   Skills:
 + Level 12.6 Fighting
 * Level 14.5 Axes
 + Level 11.4 Armour
 - Level 1.5 Dodging


You had 12 spell levels left.
You didn't know any spells.

Dungeon Overview and Level Annotations

Branches:
Dungeon (10/15)            Temple (0/1) D:4            Lair (4/6) D:10
 Shoals (0/4) Lair:3       Spider (0/4) Lair:2          Orc (0/2) D:10

Altars:
Cheibriados
Xom
Yredelemnul

Shops:
D:9 *

Annotations:
Lair:4 Nessos


Innate Abilities, Weirdness & Mutations

You are resistant to torment.
Your stone body is resilient. (AC +9)
You are immune to poison.
You resist negative energy. (rN+)
You are resistant to electric shocks. (rElec)
You can survive without breathing.
You are immune to petrification.
You are immune to rotting.


Message History

You are too injured to fight recklessly!
Your two-headed ogre goes berserk!
You are near starving!
Trog will no longer gift you weapons.
Nessos shoots an arrow.
You block the arrow.
Nessos shoots an arrow.
The arrow barely misses you.
Nessos blinks!
Your skin crawls.
You feel resistant to hostile enchantments.
You feel quite a bit more hungry.
Nessos blinks!
Nessos shoots an arrow.
The arrow hits you. The arrow burns you.
Nessos shoots an arrow.
You block the arrow.
Nessos shoots an arrow.
The arrow hits you!
* * * LOW HITPOINT WARNING * * *
The arrow burns you.
* * * LOW HITPOINT WARNING * * *
Your two-headed ogre rages.
Nessos shoots an arrow.
The arrow hits you!
* * * LOW HITPOINT WARNING * * *
The arrow burns you.
You die...

........................##...#
.............................#
.....##P(##..§....##.........#
...#.###.##...<.####..#..#.###
#..#..P#.##P.....##..####..#
.....P....#.....#......#.#.#
...............O....(..#.#.P#
..... ...........(....#.##
.......@(..........
.c.................
..##...#.(.(.....#P
.......#..(..P....
#......#.........##
..................#
#..................
#........######.... .....#)
...#


You could see Nessos and a friendly two-headed ogre (berserk).

Vanquished Creatures
  A hydra (Lair:1)
  7 two-headed ogres
  A hell knight (Volcano)
  An oklob plant (Lair:1)
  A merfolk siren (Lair:3)
  A centaur zombie (D:10)
  A gargoyle (D:10)
  3 torpor snails (Lair:1)
  Joseph (D:7)
  5 spiny frogs
  3 komodo dragons
  2 jumping spiders (Lair:2)
  A troll (D:10)
  2 hornets (D:8)
  Prince Ribbit (D:6)
  10 blink frogs
  4 hippogriffs
  Sigmund (D:3)
  20 yaks
  8 fire bats (Volcano)
  2 hungry ghosts
  Grum (D:8)
  2 soldier ants (D:8)
  2 hell hounds (Volcano)
  Duvessa (D:4)
  6 porcupines
  9 water moccasins
  3 orc warriors
  An ice beast (D:10)
  A black bear (D:9)
  2 phantoms
  A necrophage (D:8)
  An ogre (D:8)
  A sky beast (D:7)
  2 wolves (D:8)
  5 centaurs
  2 crocodiles
  A big kobold (D:9)
  10 bullfrogs
  A gnoll sergeant (D:7)
  Dowan (D:4)
  3 scorpions (D:9)
  5 wights (D:9)
  An electric eel (D:8)
  5 lava snakes (Volcano)
  2 quasits
  A gnoll shaman (D:6)
  2 jellies
  6 orc priests
  3 hounds
  A bullfrog skeleton (D:8)
  3 centaur skeletons
  3 iguanas
  13 orc wizards
  6 worker ants
  2 worker ant zombies (D:7)
  11 gnolls
  7 adders
  2 shadow imps
  An ooze (D:2)
  An adder skeleton (D:8)
  4 worms
  4 dart slugs
  4 leopard geckos
  55 orcs
  5 giant cockroaches
  8 goblins
  6 hobgoblins
  15 jackals
  15 kobolds
  A quokka (D:8)
  10 bats
  3 frilled lizards
  A jackal zombie (D:9)
  A leopard gecko skeleton (D:7)
  A leopard gecko zombie (D:7)
  13 rats
  3 plants
356 creatures vanquished.

Vanquished Creatures (collateral kills)
  An obsidian statue (Volcano)
  3 oklob plants (Lair:1)
  A smoke demon (Volcano)
  A spiny frog (Lair:1)
  A red devil (Volcano)
  5 jumping spiders (Lair:2)
  A yak (Lair:1)
  A porcupine (Lair:1)
  A bullfrog (Lair:1)
  2 plants (Lair:1)
17 creatures vanquished.

Vanquished Creatures (others)
  2 orcs (D:8)
  A quokka (D:8)
  A fungus (Lair:2)
4 creatures vanquished.

Grand Total: 377 creatures vanquished

Notes
Turn   | Place    | Note
-------+----------+-------------------------------------------
     0 | D:1      | zero the Gargoyle Berserker began the quest for the Orb.
     0 | D:1      | Reached XP level 1. HP: 14/14 MP: 1/1
    88 | D:1      | Reached skill level 3 in Axes
    93 | D:1      | Reached XP level 2. HP: 17/19 MP: 2/2
   192 | D:1      | Reached XP level 3. HP: 11/24 MP: 3/3
   485 | D:1      | Reached ** piety under Trog
   930 | D:2      | Reached XP level 4. HP: 28/29 MP: 4/4
   990 | D:2      | Reached skill level 4 in Axes
  1452 | D:2      | Reached XP level 5. HP: 34/34 MP: 5/5
  1455 | D:2      | Reached *** piety under Trog
  1637 | D:3      | Reached skill level 5 in Axes
  1812 | D:3      | Noticed Sigmund
  1830 | D:3      | Killed Sigmund
  1830 | D:3      | Reached skill level 5 in Fighting
  1830 | D:3      | Reached XP level 6. HP: 36/40 MP: 6/6
  2019 | D:3      | Reached XP level 7. HP: 38/44 MP: 7/7
  2022 | D:3      | Reached skill level 6 in Axes
  2256 | D:3      | Found a faded altar of an unknown god.
  2450 | D:4      | Noticed Duvessa
  2456 | D:4      | Noticed Dowan
  2461 | D:4      | Killed Duvessa
  2473 | D:4      | Killed Dowan
  2556 | D:4      | Found a staircase to the Ecumenical Temple.
  2668 | D:4      | You fall through a shaft for 2 floors!
  2765 | D:6      | Reached skill level 7 in Axes
  2803 | D:6      | Reached XP level 8. HP: 49/52 MP: 8/8
  2857 | D:6      | Reached **** piety under Trog
  3230 | D:6      | Noticed Prince Ribbit
  3239 | D:6      | Killed Prince Ribbit
  3239 | D:6      | Reached skill level 8 in Axes
  3553 | D:7      | Noticed Joseph
  3555 | D:7      | Reached XP level 9. HP: 57/57 MP: 9/9
  3568 | D:7      | Killed Joseph
  3736 | D:7      | Reached skill level 9 in Axes
  3754 | D:7      | Reached skill level 5 in Armour
  4067 | D:7      | Reached ***** piety under Trog
  5052 | D:8      | Noticed Grum
  5061 | D:8      | Killed Grum
  5348 | D:8      | Reached XP level 10. HP: 61/65 MP: 10/10
  5378 | D:8      | Reached skill level 10 in Axes
  5838 | D:8      | Noticed a two-headed ogre
  5848 | D:8      | Killed a two-headed ogre
  6029 | D:9      | Found Noustryh's Assorted Antiques.
  6032 | D:9      | Bought 2 scrolls labeled CYAVECKANIBB for 70 gold pieces
  6032 | D:9      | Bought a scroll labeled ZIZUES FONEEH for 35 gold pieces
  6032 | D:9      | Bought a copper ring for 175 gold pieces
  6048 | D:9      | Found a shimmering altar of Xom.
  6070 | D:9      | Reached skill level 11 in Axes
  6202 | D:9      | Received a gift from Trog
  6275 | D:9      | Reached XP level 11. HP: 72/72 MP: 11/11
  6279 | D:9      | Reached skill level 10 in Fighting
  6459 | D:9      | Found a shimmering altar of Xom.
  6600 | D:9      | Noticed a two-headed ogre
  6607 | D:9      | Killed a two-headed ogre
  6845 | D:9      | Noticed a two-headed ogre
  6855 | D:9      | Killed a two-headed ogre
  7075 | D:10     | Entered Level 10 of the Dungeon
  7087 | D:10     | Noticed a two-headed ogre
  7095 | D:10     | Killed a two-headed ogre
  7095 | D:10     | Reached skill level 12 in Axes
  7186 | D:10     | Received a gift from Trog
  7334 | D:10     | Noticed a two-headed ogre
  7373 | D:10     | Reached ****** piety under Trog
  7477 | D:10     | Killed a two-headed ogre
  7833 | D:10     | Noticed a two-headed ogre
  7834 | D:10     | Found a staircase to the Lair.
  7842 | D:10     | Killed a two-headed ogre
  7922 | D:10     | Noticed a two-headed ogre
  7924 | D:10     | Found a basalt altar of Yredelemnul.
  7930 | D:10     | Killed a two-headed ogre
  7930 | D:10     | Reached XP level 12. HP: 66/80 MP: 12/12
  8236 | D:10     | Found a staircase to the Orcish Mines.
  8284 | Lair:1   | Entered Level 1 of the Lair of Beasts
  8336 | Lair:1   | Found a snail-covered altar of Cheibriados.
  8444 | Lair:1   | Reached skill level 13 in Axes
  8472 | Lair:1   | Noticed an eight-headed hydra
  8480 | Lair:1   | Killed an 11-headed hydra
  8666 | Lair:1   | Reached skill level 10 in Armour
  9412 | Lair:2   | Found a hole to the Spider Nest.
  9417 | Lair:2   | Received a gift from Trog
  9704 | Lair:2   | Found a dark tunnel.
  9831 | Volcano  | Entered a volcano
  9959 | Volcano  | Reached skill level 14 in Axes
  9989 | Volcano  | Reached XP level 13. HP: 86/86 MP: 13/13
 10089 | Volcano  | Found a burning altar of Makhleb.
 11108 | Lair:3   | Found a staircase to the Shoals.
 11832 | Lair:4   | Noticed Nessos
 11849 | Lair:4   | HP: 2/87 [Nessos/arrow (14)]
 11849 | Lair:4   | Shot with an arrow by Nessos

Vault maps used:
D:1:      evilmike_arrival_fibonacci_small, minmay_quantized
D:3:      chequers_ecumenical_altar_simple_redux, item_on_display_a,
          uniq_sigmund
D:4:      minmay_temple_entry_mist, first_bread, uniq_duvessa
D:6:      uniq_prince_ribbit1
D:7:      uniq_joseph
D:8:      hangedman_pestilent_swarm, minmay_misc_feat_nine_boxes,
          serial_bayou_ford_a, uniq_grum
D:9:      nicolae_overflow_crystal_walls, serial_shops, shop,
          nicolae_two_hexagons, xom_teletrap_fun
D:10:     lair_entry_dummy, hiddenorc1_lemuel, yredelemnul_altar_generic
Lair:1:   kennysheep_snail_temple, lemuel_fruit_fields, grunt_megastairs_2,
          minmay_lair_oklob_chamber, infiniplex_staircase_pool
Lair:2:   nicolae_spider_entry_tight_spaces, lightli_volcano_entry_magma_tube
Lair:3:   elwin_shoals_entry_rooms, lab_entry_generic
Lair:4:   uniq_sonja, uniq_nessos
Volcano:  volcano_grotto

Skill      XL: |  1  2  3  4  5  6  7  8  9 10 11 12 13 |
---------------+----------------------------------------+-----
Axes           | 3 4 5 7 8 9 11 12 14 | 14.5
Fighting       | 4 5 6 7 8 9 11 12 | 12.6
Armour         | 4 6 7 9 10 11 | 11.4
Dodging        | |  1.5

Action                   |  1- 3 |  4- 6 |  7- 9 | 10-12 | 13-15 || total
-------------------------+-------+-------+-------+-------+-------++-------
Melee: Hand axe          |   121 |   186 |       |       |       ||   307
       War axe           |       |     8 |   314 |   542 |   121 ||   985
Invok: Berserk           |     1 |     3 |     5 |    13 |     2 ||    24
       Trog's Hand       |       |       |     1 |     3 |     2 ||     6
       Burn Spellbooks   |       |       |     1 |     3 |       ||     4
       Brothers in Arms  |       |       |       |     2 |     3 ||     5
  Use: Scroll            |       |       |    16 |     5 |       ||    21
  Eat: Chunk             |     1 |     6 |    13 |    28 |     5 ||    53
       Fruit             |       |       |     4 |     5 |     1 ||    10
       Royal jelly       |       |       |       |       |     1 ||     1
Armor: Scale mail        |    28 |       |       |       |       ||    28
       Animal skin       |     2 |       |       |       |       ||     2
       Chain mail        |    36 |   124 |   246 |   354 |    50 ||   810
       Plate armour      |       |       |       |       |    34 ||    34
Dodge: Dodged            |    68 |    81 |   129 |   140 |    27 ||   445
Block: Shield            |       |       |    85 |   174 |    41 ||   300

Table legend:
 A = Spawn XP
 B = Non-spawn XP
 C = Spawn XP percentage of total XP
 D = Spawn monster count
 E = Non-spawn monster count
 F = Spawn count percentage of total count
 G = Total turns spent on level
                    A         B        C        D         E        F      G
               +---------+---------+-------+---------+---------+-------+---------
         Total |       0 |   39643 |   0.0 |       0 |     368 |   0.0 | 11849
               +---------+---------+-------+---------+---------+-------+---------
           D:1 |       0 |      60 |   0.0 |       0 |      25 |   0.0 |   780
           D:2 |       0 |     145 |   0.0 |       0 |      39 |   0.0 |   837
           D:3 |       0 |     486 |   0.0 |       0 |      31 |   0.0 |   772
           D:4 |       0 |     271 |   0.0 |       0 |      10 |   0.0 |   279
           D:6 |       0 |    1104 |   0.0 |       0 |      19 |   0.0 |   830
           D:7 |       0 |    1458 |   0.0 |       0 |      37 |   0.0 |  1340
           D:8 |       0 |    3766 |   0.0 |       0 |      27 |   0.0 |  1160
           D:9 |       0 |    4940 |   0.0 |       0 |      42 |   0.0 |  1077
          D:10 |       0 |    6340 |   0.0 |       0 |      48 |   0.0 |  1209
        Lair:1 |       0 |    7065 |   0.0 |       0 |      28 |   0.0 |   895
        Lair:2 |       0 |    5402 |   0.0 |       0 |      25 |   0.0 |  1161
        Lair:3 |       0 |    4345 |   0.0 |       0 |      17 |   0.0 |   907
        Lair:4 |       0 |     418 |   0.0 |       0 |       1 |   0.0 |   184
       Volcano |       0 |    3843 |   0.0 |       0 |      19 |   0.0 |   418
               +---------+---------+-------+---------+---------+-------+---------
